 Dungeon Crawl Stone Soup version 0.18.1-50-g88ac8fd (webtiles) character file.

592 6a6kaBkacke the Poker (level 7, 0/60 HPs)
             Began as a Minotaur Fighter on Sept 28, 2016.
             Killed from afar by Natasha (5 damage)
             ... with a magic dart
             ... on level 6 of the Dungeon.
             The game lasted 00:08:41 (2117 turns).

6a6kaBkacke the Poker (Minotaur Fighter)            Turns: 2117, Time: 00:08:41

Health: 0/60       AC: 11    Str: 22    XL:     7   Next: 16%
Magic:  6/6        EV:  6    Int:  5    God:
Gold:   203        SH: 12    Dex: 10    Spells: 0 memorised, 6 levels left

rFire  . . .     SeeInvis .     a - +1 trident
rCold  . . .     Gourm    .     m - +0 chain mail
rNeg   . . .     Faith    .     c - +0 shield
rPois  .         Spirit   .     (helmet restricted)
rElec  .         Dismiss  .     o - +0 cloak
rCorr  .         Reflect  +     (no gloves)
SustAt .         Harm     .     (no boots)
MR     .....                    j - +2 amulet of reflection
Stlth  ..........               (no ring)
                                (no ring)

@: not resistant to hostile enchantments, extremely unstealthy
A: retaliatory headbutt, horns 2, evolution 1
a: no special abilities


You were on level 6 of the Dungeon.
You were not hungry.

You visited 1 branch of the dungeon, and saw 5 of its levels.

You collected 203 gold pieces.

Inventory:

Hand Weapons
 a - a +1 trident (weapon)
Missiles
 i - 6 javelins (quivered)
 s - 5 tomahawks
Armour
 c - a +0 shield (worn)
 m - a +0 chain mail (worn)
 o - a +0 cloak (worn)
Jewellery
 j - a +2 amulet of reflection (around neck)
Scrolls
 k - a scroll of enchant weapon
Potions
 d - 2 potions of might
 e - 3 potions of flight
 l - a potion of magic
 t - a potion of brilliance {unknown}
 u - a potion of lignification {unknown}
Books
 g - a Young Poisoner's Handbook

   Spells                             Type                      Level
   a - Sting                          Conjuration/Poison           1
   b - Cure Poison                    Poison                       2
   c - Mephitic Cloud                 Conjuration/Poison/Air       3
   d - Olgreb's Toxic Radiance        Poison                       4
   e - Venom Bolt                     Conjuration/Poison           5
Comestibles
 f - 4 bread rations
 p - a beef jerky


   Skills:
 + Level 4.9 Fighting
 * Level 5.9 Polearms
 + Level 5.6 Armour
 + Level 2.0 Dodging
 + Level 5.6 Shields


You had 6 spell levels left.
You didn't know any spells.

Dungeon Overview and Level Annotations

Branches:
Dungeon (4/15)
 Temple: D:4-7

Altars:
Vehumet
Zin

Annotations:
D:4 Grinder
D:6 Natasha


Innate Abilities, Weirdness & Mutations

You reflexively headbutt those who attack you in melee.
You have a pair of horns on your head.
You evolve.


Message History

You destroy the worker ant zombie!
You start resting.
A hound comes into view.
Things that are here:
a short sword; an orc corpse A hound is nearby!
Things that are here:
a trident; a chain mail You start resting.
You are too injured to fight recklessly!
You are too injured to fight recklessly!
A hound is nearby!
The hound barks!
Natasha, Servant of Life and Death comes into view.
You see here 5 gold pieces.
You now have 203 gold pieces (gained 5).
Natasha hisses angrily.
Natasha casts a spell at you. The magic dart hits you!
You die...

##....#..#.# #.#.......#
#.####..### #.......# #
#####...# .# #...# .h#
#.).# .!..
######...###### ...h
.##.$........@..####..#
....[.).........)h....#
.##.............##.....#
#####.....#####..#..##
#.....# #.###....
#.....# #. .### #h....#
## . #.....# < .......
.#


You could see a hound and Natasha.

Vanquished Creatures
  The ghost of Apert the Skirmisher, an amateur HOFi of Makhleb (D:3)
  An orc warrior (D:6)
  2 scorpions (D:4)
  A giant frog zombie (D:6)
  2 hounds
  2 orc wizards (D:4)
  Natasha (D:4)
  A worker ant (D:4)
  A killer bee zombie (D:6)
  A worker ant zombie (D:6)
  3 adders
  3 dart slugs
  8 orcs
  A ball python (D:2)
  9 bats
  4 giant cockroaches
  8 hobgoblins
  4 kobolds
  3 quokkas
  3 giant newts
  4 goblins (D:3)
  A quokka skeleton (D:4)
  3 rats
67 creatures vanquished.

Notes
Turn   | Place    | Note
--------------------------------------------------------------
     0 | D:1      | 6a6kaBkacke the Minotaur Fighter began the quest for the Orb.
     0 | D:1      | Reached XP level 1. HP: 19/19 MP: 0/0
   127 | D:1      | You fall through a shaft!
   210 | D:2      | Found a radiant altar of Vehumet.
   314 | D:2      | Reached XP level 2. HP: 27/27 MP: 1/1
   571 | D:2      | Reached XP level 3. HP: 33/33 MP: 2/2
   875 | D:3      | Noticed Apert's ghost (amateur HOFi)
   891 | D:3      | Killed Apert's ghost
   891 | D:3      | Reached skill level 1 in Dodging
   891 | D:3      | Reached XP level 4. HP: 8/40 MP: 3/3
   891 | D:3      | Reached XP level 5. HP: 9/46 MP: 4/4
  1464 | D:3      | Found a glowing silver altar of Zin.
  1517 | D:4      | Noticed Natasha
  1527 | D:4      | Reached skill level 5 in Armour
  1527 | D:4      | Reached XP level 6. HP: 20/53 MP: 5/5
  1541 | D:4      | Killed Natasha
  1541 | D:4      | Reached skill level 5 in Shields
  1554 | D:4      | Reached skill level 5 in Polearms
  1762 | D:4      | Noticed Grinder
  1772 | D:4      | Paralysed by Grinder for 6 turns
  1806 | D:4      | You fall through a shaft for 2 floors!
  2069 | D:6      | Noticed an orc warrior
  2098 | D:6      | HP: 1/55 [orc warrior/trident (10)]
  2100 | D:6      | Killed an orc warrior
  2100 | D:6      | Reached XP level 7. HP: 1/60 MP: 6/6
  2101 | D:6      | Gained mutation: Your magical capacity is low (-10% MP). [potion of mutation]
  2101 | D:6      | Gained mutation: You evolve. [potion of mutation]
  2101 | D:6      | Lost mutation: Your magical capacity is low (-10% MP). [potion of mutation]
  2117 | D:6      | Noticed Natasha
  2117 | D:6      | Killed from afar by Natasha

Skill      XL: |  1  2  3  4  5  6 |
---------------+-------------------+-----
Polearms       | 3 4 5 |  5.9
Shields        | 4 5 |  5.6
Armour         | 4 5 |  5.6
Fighting       | 4 |  4.9
Dodging        | 1 2 |  2.0

Action                   |  1- 3 |  4- 6 |  7- 9 || total
-------------------------+-------+-------+-------++-------
Melee: Trident           |    82 |   137 |     5 ||   224
       Headbutt          |    13 |    21 |     2 ||    36
  Use: Scroll            |     3 |     3 |       ||     6
       Potion            |       |     4 |     1 ||     5
  Eat: Chunk             |       |     3 |       ||     3
       Meat ration       |       |     1 |       ||     1
Armor: Scale mail        |     6 |       |       ||     6
       Chain mail        |    25 |    87 |     4 ||   116
Dodge: Dodged            |    22 |    33 |       ||    55
Block: Shield            |    26 |   107 |     3 ||   136
       Reflection        |     2 |     4 |       ||     6
